 Dungeon Crawl Stone Soup version 0.31-a0-675-g238779eb0a (webtiles) character file.

Game seed: 11393200762954779888

67 Xavori the Slasher (level 3, 29/29 HPs)
             Began as a Demonspawn Chaos Knight on Sept 5, 2023.
             Was a Plaything of Xom.
             Quit the game on level 2 of the Dungeon.
             The game lasted 00:01:27 (1314 turns).

Xavori the Slasher (Demonspawn Chaos Knight)        Turns: 1314, Time: 00:01:28

Health: 29/29      AC:  5    Str: 14    XL:     3   Next: 98%
Magic:  3/3        EV: 11    Int: 13    God:    Xom [..*...]
Gold:   111        SH:  0    Dex: 12    Spells: 2/2 levels left

rFire   . . .        a - +0 falchion (chaos)
rCold   . . .        (no shield)
rNeg    . . .        b - +2 leather armour
rPois   .            (helmet restricted)
rElec   .            (no cloak)
rCorr   .            (no gloves)
SInv    .            (no boots)
Will    .....        (no amulet)
Stlth   +            (no ring)
HPRegen 0.24/turn    (no ring)
MPRegen 0.08/turn

%: no passive effects
@: no status effects
A: antennae 1, spiny 1
a: Renounce Religion


You were on level 2 of the Dungeon.
You worshipped Xom.
You were a toy of Xom.
You visited 1 branch of the dungeon, and saw 2 of its levels.

You collected 111 gold pieces.

Inventory:

Hand Weapons
 a - a +0 falchion of chaos (weapon)
Armour
 b - a +2 leather armour (worn)
Jewellery
 d - a ring of ice
Scrolls
 c - a scroll of butterflies
 e - 3 scrolls of identify {unknown}
 h - a scroll of fog {unknown}
 k - a scroll of fear {unknown}
Potions
 f - 2 potions of berserk rage {unknown}
 g - a potion of lignification {unknown}
 i - a potion of curing {unknown}
 j - a potion of degeneration {unknown}


   Skills:
 + Level 3.3 Fighting
 + Level 3.8 Long Blades
 + Level 2.3 Armour
 + Level 1.1 Dodging
 + Level 0.1 Stealth


You had 2 spell levels left.
You didn't know any spells.
Your spell library was empty.

Dungeon Overview and Level Annotations

Branches:
Dungeon (2/15)

Altars:


Innate Abilities, Weirdness & Mutations

You have a pair of small antennae on your head.
You are partially covered in sharp spines.


Message History

A hobgoblin is nearby!
A hobgoblin is nearby!
You closely miss the hobgoblin.
The hobgoblin hits you but does no damage.
You hit the hobgoblin but do no damage.
Space warps horribly around the hobgoblin.
The hobgoblin is severely wounded.
The hobgoblin barely misses you. The hobgoblin hits you.
A hobgoblin is nearby!
You closely miss the hobgoblin.
The hobgoblin is severely wounded.
The hobgoblin is struck by your spines.
You kill the hobgoblin!
Found a ring mail.
No target in view!
Key pressed, stopping explore.
No target in view!
Key pressed, stopping explore.
No target in view!
Key pressed, stopping explore.
No target in view!
Key pressed, stopping explore.
No target in view!
No target in view!
You open the door.
There is an open door here.
Found a stone staircase leading up.
e - 3 scrolls labelled RUEMIR VAZOWNI (gained 2) Done exploring.
No target in view!
Done exploring.
No target in view!
Done exploring.
No target in view!
Done exploring.
Done exploring.
What level of the Dungeon? (default 2, ? - help)
An adder comes into view.
You can't go up here!
Are you sure you want to abandon this character and quit the game? (Confirm with "yes".)

....###.......###...##.#####.....
....# #.......###.#..#...........
....# #........S..##..#####.####.
....########.###.........#....###
.........###.# #.#####...#.......
.##......#<#.# #.#####......#####
.##......#.#.###.#..............#
.##....§.#.#.....#.###..........#
.##......#......@..# #..........#
.##..÷...########### #..........#
.##...)..# ##..........
.........# #........>. ####.#####
#........## #.# ###########
########## #.# #.........# #.#
#.#######.# #.#####.# #.#


You could see an adder (wandering).

Vanquished Creatures
  An adder (D:2)
  3 dart slugs (D:1)
  5 bats
  6 endoplasms
  A giant cockroach (D:2)
  7 hobgoblins
  6 jackals
  2 quokkas
  6 ball pythons
  2 frilled lizards (D:1)
  3 goblins
  3 kobolds
  2 rats (D:1)
47 creatures vanquished.

Notes
Turn   | Place    | Note
-------+----------+-------------------------------------------
     0 | D:1      | Xavori the Demonspawn Chaos Knight began the quest for the
                  | Orb.
     0 | D:1      | Reached XP level 1. HP: 18/18 MP: 1/1
    52 | D:1      | XOM: butterfly on damage
   119 | D:1      | XOM: silly message
   204 | D:1      | Gained mutation: You are partially covered in sharp spines.
                  | [demonic ancestry]
   204 | D:1      | Reached XP level 2. HP: 24/24 MP: 2/2
   262 | D:1      | Found a faded altar of an unknown god.
   270 | D:1      | XOM: potion effect (attraction)
   555 | D:1      | Gained mutation: You have a pair of small antennae on your
                  | head. [demonic ancestry]
   555 | D:1      | Reached XP level 3. HP: 27/29 MP: 3/3
   733 | D:2      | XOM: divination: detect creatures
   811 | D:2      | XOM: potion effect (might)
   880 | D:2      | Reached skill level 1 in Dodging
  1034 | D:2      | XOM: 10-stop teleportation journey
  1069 | D:2      | XOM: noise
  1083 | D:2      | XOM: silly message
  1314 | D:2      | Quit the game

Illustrated notes

Levels and vault maps discovered:
D:1:      eino_arrival_water_cross, layout_loops_ring,
          nicolae_ecumenical_snake_handling
D:2:      layout_basic

Skill      XL: |  1  2  3 |
---------------+----------+-----
Armour         | 2 |  2.3
Long Blades    | 3 |  3.8
Dodging        | 1 |  1.1
Fighting       | |  3.3
Stealth        | |  0.1

Action                     || total
---------------------------++-------
  Melee: Falchion          ||    99
   Stab: Sleeping          ||     1
 Armour: Leather armour    ||    39
  Dodge: Dodged            ||    43

Table legend: (Time is in decaauts)
 A = Elapsed time spent in this place.
 B = Non-inter-level travel time spent in this place.
 C = Inter-level travel time spent in this place.
 D = Time resting spent in this place.
 E = Time spent auto-exploring this place.
 F = Levels seen in this place.
 G = Mean time per level.
                   A        B        C        D        E       F      G
               +--------+--------+--------+--------+--------+-----+--------+
         Total |   1327 |   1264 |     63 |      0 |   1019 |   2 |  663.5 |
       Dungeon |   1327 |   1264 |     63 |      0 |   1019 |   2 |  663.5 |
               +--------+--------+--------+--------+--------+-----+--------+

Top non-repeatable levels by time:
     D:1: 737 daAuts
     D:2: 590 daAuts
